 Dungeon Crawl Stone Soup version 0.26-a0-812-g31a745ddcd (webtiles) character file.

Game seed: 3093586203350900234

23 kae the Insei (level 2, 0/16 HPs)
             Began as a Tengu Transmuter on Nov 23, 2020.
             Slain by a kobold
             ... wielding a +0 dagger
              (4 damage)
             ... on level 1 of the Dungeon.
             The game lasted 00:00:31 (612 turns).

kae the Insei (Tengu Transmuter)                     Turns: 612, Time: 00:00:32

Health: 0/16       AC:  2    Str: 10    XL:     2   Next: 95%
Magic:  5/6        EV: 13    Int: 13    God:
Gold:   39         SH:  0    Dex: 14    Spells: 4/5 levels left

rFire    . . .     SeeInvis .     - Unarmed
rCold    . . .     Faith    .   (no shield)
rNeg     . . .     Spirit   .   a - +0 robe
rPois    .         Reflect  .   (helmet currently unavailable)
rElec    .         Harm     .   (no cloak)
rCorr    .         Rampage  .   (no gloves)
MR       .....                  (boots unavailable)
Stlth    +.........             (no amulet)
HPRegen  0.05/turn              (no ring)
MPRegen  0.10/turn              (no ring)

@: appendages (expiring)
A: beak, horns 2, talons 3
a: End Transformation


You were on level 1 of the Dungeon.
You had grown temporary horns.
You visited 1 branch of the dungeon, and saw 1 of its levels.

You collected 39 gold pieces.

Inventory:

Armour
 a - a +0 robe (worn)
Scrolls
 c - a scroll of identify {unknown}
Potions
 b - a potion of lignification {unknown}
 d - a potion of might {unknown}


   Skills:
 + Level 1.2 Fighting
 + Level 0.6 Armour
 + Level 2.4 Dodging
 * Level 3.6 Unarmed Combat
 + Level 2.1 Spellcasting
 * Level 2.0 Transmutations


You had 4 spell levels left.
You knew the following spells:

 Your Spells              Type           Power        Failure   Level
a - Beastly Appendage     Tmut           #.....       11%         1

Your spell library contained the following spells:

 Spells                   Type           Power        Failure   Level
 Wereblood                Tmut           #.......     17%         2
 Spider Form              Tmut/Pois      #.........   45%         3
 Ice Form                 Ice/Tmut       #.......     86%         4
 Blade Hands              Tmut           #.........   97%         5


Dungeon Overview and Level Annotations

Branches:
Dungeon (1/15)

Altars:


Innate Abilities, Weirdness & Mutations

You have a beak for a mouth.
You have claws for feet.
You have a pair of horns on your head.


Message History

Your transformation is almost over.
The frilled lizard closely misses you.
You barely miss the hobgoblin. The hobgoblin barely misses you.
The frilled lizard barely misses you.
You hit the kobold but do no damage. The frilled lizard closely misses you.
The hobgoblin hits you with a +0 club. The kobold hits you with a +0 dagger.
You are too injured to fight recklessly!
You are too injured to fight recklessly!
You are too injured to fight recklessly!
You hit the frilled lizard.
You kill the frilled lizard!
The hobgoblin closely misses you. The kobold closely misses you.
The hobgoblin hits you with a +0 club.
* * * LOW HITPOINT WARNING * * *
The kobold hits you but does no damage.
You see here a frilled lizard corpse.
You hit the hobgoblin. You claw the hobgoblin. Your peck misses the hobgoblin.
The hobgoblin is heavily wounded.
The kobold hits you with a +0 dagger.
You die...

#........# #.....#..
#........# #.....#..
#........###########.....#..
#........#........##........
##................#####.....
#....)...........# #.....
#.......$........# ######
#.........K......#
#.........@......#
#########.g......#
#........# ######.### #


You could see a hobgoblin and a kobold.

Vanquished Creatures
  An ooze (D:1)
  A leopard gecko (D:1)
  A ball python (D:1)
  A giant cockroach (D:1)
  2 goblins (D:1)
  3 hobgoblins (D:1)
  2 bats (D:1)
  2 frilled lizards (D:1)
  2 kobolds (D:1)
  2 rats (D:1)
17 creatures vanquished.

Notes
Turn   | Place    | Note
-------+----------+-------------------------------------------
     0 | D:1      | kae the Tengu Transmuter began the quest for the Orb.
     0 | D:1      | Reached XP level 1. HP: 12/12 MP: 4/4
   238 | D:1      | Reached XP level 2. HP: 15/16 MP: 4/6
   612 | D:1      | Slain by a kobold

Illustrated notes

Levels and vault maps discovered:
D:1:      dpeg_arrival_rooms_with_view, layout_basic

Skill      XL: |  1  2 |
---------------+-------+-----
Transmutations | 2 |  2.0
Fighting       | |  1.2
Armour         | |  0.6
Dodging        | |  2.4
Unarmed Combat | |  3.6
Spellcasting   | |  2.1

Action                   || total
-------------------------++-------
Melee: Unarmed           ||    37
       Kick              ||     7
       Headbutt          ||     3
       Peck              ||     2
 Cast: Beastly Appendage ||    11
Armor: Robe              ||     7
Dodge: Dodged            ||    23

Table legend: (Time is in decaauts)
 A = Elapsed time spent in this place.
 B = Non-inter-level travel time spent in this place.
 C = Inter-level travel time spent in this place.
 D = Time resting spent in this place.
 E = Time spent auto-exploring this place.
 F = Levels seen in this place.
 G = Mean time per level.
                   A        B        C        D        E       F      G
               +--------+--------+--------+--------+--------+-----+--------+
         Total |    609 |    609 |      0 |      0 |    506 |   1 |  609.0 |
       Dungeon |    609 |    609 |      0 |      0 |    506 |   1 |  609.0 |
               +--------+--------+--------+--------+--------+-----+--------+

Top non-repeatable levels by time:
     D:1: 609 daAuts
